 Dungeon Crawl Stone Soup version 0.18-a0-1782-gb76a692 (webtiles) character file.

166 namelastname112 the Bolt Thrower (level 5, -4/46 HPs)
             Began as a Draconian Arcane Marksman on Apr 17, 2016.
             Slain by namelastname112's ghost (7 damage)
             ... on level 3 of the Dungeon.
             The game lasted 00:04:17 (3655 turns).

namelastname112 the Bolt Thrower (DrAM)             Turns: 3655, Time: 00:04:18

Health: -4/46      AC:  6    Str: 13    XL:     5   Next: 22%
Magic:  6/6        EV: 12    Int: 14    God:
Gold:   199        SH:  0    Dex: 11    Spells: 1 memorised, 5 levels left

rFire  . . .     SeeInvis .     a - +0 hand crossbow
rCold  . . .     Gourm    .     (armour unavailable)
rNeg   . . .     Faith    .     (no shield)
rPois  .         Spirit   .     (helmet restricted)
rElec  .         Dismiss  .     (no cloak)
rCorr  .         Reflect  .     h - +0 pair of gloves
SustAt .         Harm     .     (no boots)
MR     .....                    (no amulet)
Stlth  ++........               (no ring)
                                (no ring)

@: flying, very slightly contaminated, invisible, not resistant to hostile
enchantments, unstealthy
A: unfitting armour, big wings, stinger 1, robust 1, cold-blooded, AC +5
a: Stop Flying


You were on level 3 of the Dungeon.
You were not hungry.

You visited 1 branch of the dungeon, and saw 3 of its levels.

You collected 199 gold pieces.

Inventory:

Hand Weapons
 a - a +0 hand crossbow (weapon)
 j - a +0 dagger
Missiles
 c - 23 bolts (quivered)
Armour
 h - a +0 pair of gloves (worn)
Scrolls
 e - a scroll of remove curse {unknown}
 g - 2 scrolls of magic mapping {unknown}
 i - 2 scrolls of amnesia {unknown}
 k - a scroll of identify {unknown}
 r - a scroll of teleportation {unknown}
Books
 b - a book of Debilitation

   Spells                             Type                      Level
   a - Corona                         Hexes                        1
   b - Slow                           Hexes                        2
   c - Gell's Gravitas                Hexes/Translocation          3
   d - Inner Flame                    Hexes/Fire                   3
   e - Cause Fear                     Hexes                        4
   f - Leda's Liquefaction            Hexes/Earth                  4
Comestibles
 d - 5 bread rations
 f - 2 fruits
 m - a beef jerky
 n - 2 meat rations
 p - 2 royal jellies


   Skills:
 + Level 2.6 Fighting
 * Level 3.3 Crossbows
 + Level 2.5 Dodging
 + Level 2.1 Stealth
 - Level 1.0 Spellcasting
 - Level 2.6 Hexes


You had 5 spell levels left.
You knew the following spells:

 Your Spells              Type           Power        Failure   Level  Hunger
a - Corona                Hex            #......      12%         1    ##.....


Dungeon Overview and Level Annotations

Branches:
Dungeon (3/15)

Altars:
Gozag

Annotations:
D:3 namelastname112's ghost, amateur DrAM


Innate Abilities, Weirdness & Mutations

Your plain brown scales are hard (AC +5).
Your body does not fit into most forms of armour.
You are cold-blooded and may be slowed by cold attacks.
Your large and strong wings let you fly indefinitely.
Your tail ends in a poisonous barb.
You are robust (+10% HP).


Message History

Drink which item? (? for menu, Esc to quit)
It was a potion of flight.
You feel more buoyant. Namelastname112's ghost hits you!
* * * LOW HITPOINT WARNING * * *
The adder closely misses you.
You take 8 damage, and have 2/46 hp.
Drink which item? (? for menu, Esc to quit)
It was a potion of invisibility.
You fade into invisibility!
The adder closely misses you.
Namelastname112's ghost completely misses you.
You are very lightly contaminated with residual magic.
Firing (i - inventory):
c - 24 bolts (quivered)
Press: ? - help, Shift-Dir - straight line, f/p - adder
Aim: an adder (almost dead)
You shoot a bolt. The bolt hits the adder.
You kill the adder!
Namelastname112's ghost hits you!
You die...

##.# ###.##........#
#.## #.########..#
#.># #........#..#
#######.#
#..#####.#..#
........# #<.# #<##
........#####.# #.#
........#.....# ###
........#.#########.
...........W@(.....(
........#.##########
........#.#
#####+#.#.# [.#.#
..#.# ...#.# ...#..


You could see namelastname112's ghost.

Vanquished Creatures
  2 orc priests (D:3)
  A gnoll (D:1)
  3 adders (D:3)
  3 worms (D:2)
  2 dart slugs (D:1)
  3 giant geckos (D:1)
  5 orcs (D:3)
  3 bats (D:1)
  2 giant cockroaches
  5 goblins
  6 hobgoblins
  8 jackals
  3 kobolds
  A ball python (D:3)
  3 giant newts
  2 rats
52 creatures vanquished.

Notes
Turn   | Place    | Note
--------------------------------------------------------------
     0 | D:1      | namelastname112 the Draconian Arcane Marksman began the quest for the Orb.
     0 | D:1      | Reached XP level 1. HP: 16/16 MP: 2/2
   208 | D:1      | Reached skill level 2 in Crossbows
   208 | D:1      | Reached XP level 2. HP: 22/23 MP: 3/3
   337 | D:1      | Reached skill level 1 in Stealth
   433 | D:1      | Reached XP level 3. HP: 29/29 MP: 4/4
  2020 | D:3      | Noticed namelastname112's ghost (amateur DrAM)
  2031 | D:3      | Gained mutation: You are robust (+10% HP). [potion of mutation]
  2031 | D:3      | Gained mutation: Your large and strong wings let you fly indefinitely. [potion of mutation]
  2031 | D:3      | Gained mutation: Your tail ends in a poisonous barb. [potion of mutation]
  2369 | D:3      | Reached XP level 4. HP: 24/40 MP: 5/5
  2725 | D:3      | Reached skill level 3 in Crossbows
  2919 | D:3      | Reached XP level 5. HP: 46/46 MP: 6/6
  3247 | D:3      | Found an opulent altar of Gozag.
  3653 | D:3      | HP: 2/46 [namelastname112's ghost (8)]
  3655 | D:3      | Slain by namelastname112's ghost

Vault maps used:
D:1:      eino_arrival_tree_alley
D:2:      first_bread
D:3:      nicolae_gozag_cash_rules_everything_around_me,
          gammafunk_temple_overflow_pools, minivault_24

Skill      XL: |  1  2  3  4 |
---------------+-------------+-----
Dodging        | 2 |  2.5
Crossbows      | 2 3 |  3.3
Stealth        | 1 2 |  2.1
Fighting       | 2 |  2.6
Spellcasting   | |  1.0
Hexes          | |  2.6

Action                   |  1- 3 |  4- 6 || total
-------------------------+-------+-------++-------
Melee: Dagger            |   167 |    34 ||   201
       Tailslap          |    12 |     5 ||    17
 Fire: Hand crossbow     |    47 |    33 ||    80
 Abil: Fly               |     1 |       ||     1
  Use: Potion            |     2 |     2 ||     4
 Stab: Sleeping          |     2 |       ||     2
  Eat: Chunk             |     5 |     2 ||     7
       Fruit             |       |     2 ||     2
Armor: Skin              |    74 |    12 ||    86
Dodge: Dodged            |   175 |    34 ||   209
